AoeStats
← The1AndOnlyKarl

Black Forest

504502357Analyzed
1v1 RM · 27d ago on Sep 5, 2026· 46m 55s· 2 players
Game mode
Random Map
Map size
Tiny (2 player)
Population
200
Speed
Normal
Resources
Standard
Victory
Conquest
Starting age
Dark Age
Ending age
Imperial Age
RankedLock teamsTeams togetherTeam positionsShared explorationLock speedFull tech treeHidden civsTurbo modeCheats
Victory
Defeat
🇩🇪 Khmer · Germany
819
+16
🇩🇪 Franks · Germany
811
-42
KingHennesVIII
5:36 Loom
14:10 Feudal Age
16:22 Double-Bit Axe
21:57 Castle Age
24:44 Gold Mining
26:02 Gold Shaft Mining
26:50 Husbandry
26:48 Stone Mining
27:10 Scale Barding Armor
30:14 Pikeman
31:25 Bow Saw
36:50 Imperial Age
34:56 Wheelbarrow
36:05 Murder Holes
36:02 Guard Tower
37:49 Halberdier
37:55 Elite Throwing Axeman
39:26 Hand Cart
38:57 Town Watch
40:31 Cavalier
41:53 Town Patrol
44:06 Paladin
The1AndOnlyKarl
0:58 Loom
10:41 Feudal Age
16:51 Castle Age
16:35 Double-Bit Axe
16:32 Horse Collar
16:46 Stone Mining
18:25 Heavy Plow
19:45 Bow Saw
21:02 Heavy Plow
23:13 Wheelbarrow
22:28 Town Watch
26:29 Hand Cart
27:21 Gold Mining
31:41 Imperial Age
32:02 Gold Shaft Mining
32:03 Stone Shaft Mining
30:55 Light Cavalry
31:45 Bloodlines
31:36 Husbandry
32:44 Forging
32:40 Scale Barding Armor
32:25 Fletching
32:48 Fortified Wall
33:39 Chemistry
32:45 Siege Engineers
33:01 Ballistics
33:47 Town Patrol
34:39 Crop Rotation
33:38 Elite Ballista Elephant
34:39 Conscription
35:01 Devotion
35:24 Chain Barding Armor
35:40 Iron Casting
35:01 Bodkin Arrow
35:18 Masonry
35:26 Hussar
36:44 Hoardings
36:54 Plate Barding Armor
37:25 Double Crossbow
39:38 Blast Furnace
38:39 Bracer
38:37 Murder Holes
41:21 Architecture
Connection lost

Rejoining the realm…

Still unreachable

The connection could not be restored.

Session expired

The server has moved on; the page needs a fresh start.